 Dungeon Crawl Stone Soup version 0.31-a0-997-g9a2f3ffc92 (webtiles) character file.

Game seed: 7858731597792580309

46 kae the Vexing (level 3, -1/24 HPs)
             Began as a Demonspawn Enchanter on Nov 7, 2023.
             Slain by a black bear (2 damage)
             ... on level 3 of the Dungeon.
             The game lasted 00:01:12 (1419 turns).

kae the Vexing (Demonspawn Enchanter)               Turns: 1419, Time: 00:01:13

Health: -1/24      AC:  4    Str:  8    XL:     3   Next: 46%
Magic:  0/6        EV: 12    Int: 18    God:
Gold:   101        SH:  0    Dex: 13    Spells: 4/6 levels left

rFire   . . .        f - +1 dagger (freeze)
rCold   . . .        (no shield)
rNeg    . . .        b - +0 robe
rPois   .            (no helmet)
rElec   .            (no cloak)
rCorr   .            (no gloves)
SInv    .            (no boots)
Will    .....        (no amulet)
Stlth   ++           (no ring)
HPRegen 0.24/turn    (no ring)
MPRegen 0.10/turn

%: no passive effects
@: very slightly contaminated
A: thin metallic scales 1
a: no special abilities


You were on level 3 of the Dungeon.
You visited 1 branch of the dungeon, and saw 3 of its levels.

You collected 101 gold pieces.


Innate Abilities, Weirdness & Mutations

You are partially covered in thin metallic scales. (AC +2)


   Skills:
 * Level 1.8 Short Blades
 + Level 2.1 Dodging
 + Level 2.9 Stealth
 + Level 2.2 Spellcasting
 * Level 3.4 Hexes
 + Level 0.2 Ice Magic


You had 4 spell levels left.
You knew the following spells:

 Your Spells              Type           Power      Damage    Failure   Level
a - Ensorcelled Hibernat  Hex/Ice        16%        N/A       13%         2

Your spell library contained the following spells:

 Spells                   Type           Power      Damage    Failure   Level
 Confusing Touch          Hex            14%        N/A       13%         3
 Tukima's Dance           Hex            14%        N/A       13%         3
 Magic Dart               Conj           4%         1d3       19%         1
 Searing Ray              Conj           2%         2d4       26%         2
 Dazzling Flash           Conj/Hex       16%        N/A       26%         3
 Fulminant Prism          Conj/Hex       4%         3d5       65%         4

Inventory:

Hand Weapons
 a - a +1 dagger
 f - a +1 dagger of freezing (weapon)
   (You took it off a kobold on level 1 of the Dungeon)
Missiles
 i - 19 stones
Armour
 b - a +0 robe (worn)
Magical Staves
 j - a staff of fire {!a}
   (You found it on level 2 of the Dungeon)
Jewellery
 e - an amulet of reflection
   (You found it on level 1 of the Dungeon)
 Z - a ring of wizardry
   (You found it on level 3 of the Dungeon)
Scrolls
 k - 2 scrolls of enchant weapon {unknown}
 l - a scroll of enchant armour {unknown}
 n - 3 scrolls of noise {unknown}
Potions
 c - 2 potions of invisibility
 d - a potion of cancellation {unknown}
 g - 2 potions of berserk rage {unknown}
 h - a potion of mutation {unknown}
 m - a potion of magic {unknown}

Dungeon Overview and Level Annotations

Branches:
Dungeon (3/15) Zot: 16587

Altars:

########## .w #........#
... #......h.#....
#.....@..#.... ....
#..).......... ....
#$............ .....
#........####. ......
#..........[.. .....
#........##...# .....
#...........#.# ##.#...
######...#####.###..##.#
#.......## ##.....###.#


You could see a black bear (berserk).


Message History

😕 HP[-1]
You take 1 damage, and now have 23/24 hp.
A giant cockroach is nearby!
You closely miss the giant cockroach. The giant cockroach closely misses you.
You hit the giant cockroach but do no damage.
The giant cockroach completely misses you. 😎 HP[+1]
Your hp is fully restored (24).
A giant cockroach is nearby!
You hit the giant cockroach. You freeze the giant cockroach.
You kill the giant cockroach!
No target in view!
k - 2 scrolls labelled JEN WORAOLAMO (gained 1)
Z - a ring of wizardry No target in view!
No target in view!
You see here the +1 spear of Zin's Delight {protect, rElec rPois Str+2 Dex-2}.
n - 3 scrolls labelled YMNOMA VYAZOU A ball python comes into view.
A ball python is nearby!
The ball python hisses angrily.
You hit the ball python.
The ball python seems to slow down.
You freeze the ball python.
You kill the ball python!
A black bear comes into view.
A dart slug comes into view.
There are monsters nearby!
The helpless black bear fails to defend itself.
You puncture the black bear! You freeze the black bear!
The black bear bites you.
The black bear claws you but does no damage.
The black bear misses you. 😕 HP[-5]
You take 5 damage, and now have 19/24 hp.
MASSIVE DAMAGE!! (PAUSE)
Casting: Ensorcelled Hibernation (safe; 13% risk of failure)
Confirm with . or Enter, or press ? or * to list all spells.
Aiming: Ensorcelled Hibernation (safe; 13% risk of failure)
Press: ? - help, Shift-Dir - straight line, f - black bear
Aim: a black bear (severely wounded, chance to affect: 41%)
You miscast Ensorcelled Hibernation.
You are very lightly contaminated with residual magic.
Nothing appears to happen.
The black bear bites you.
The black bear claws you. x2 😮 HP[-4] MP[-2]
You take 4 damage, and now have 15/24 hp.
You lost 2 mp, and now have 4/6 mp.
Casting: Ensorcelled Hibernation (safe; 13% risk of failure)
Confirm with . or Enter, or press ? or * to list all spells.
Aiming: Ensorcelled Hibernation (safe; 13% risk of failure)
Press: ? - help, Shift-Dir - straight line, f/p - black bear
Aim: a black bear (severely wounded, chance to affect: 41%)
The black bear resists with some effort.
The black bear bites you. The black bear barely misses you.
The black bear closely misses you. 😮 HP[-1] MP[-2]
You take 1 damage, and now have 14/24 hp.
You lost 2 mp, and now have 2/6 mp.
Unknown command.
Casting: Ensorcelled Hibernation (safe; 13% risk of failure)
Confirm with . or Enter, or press ? or * to list all spells.
Aiming: Ensorcelled Hibernation (safe; 13% risk of failure)
Press: ? - help, Shift-Dir - straight line, f/p - black bear
Aim: a black bear (severely wounded, chance to affect: 41%)
The black bear resists with some effort.
The black bear closely misses you. The black bear misses you.
The black bear claws you. 😮 MP[-2]
You lost 2 mp, and now have 0/6 mp.
Unknown command.
Casting: Ensorcelled Hibernation (safe; 13% risk of failure)
Confirm with . or Enter, or press ? or * to list all spells.
You don't have enough magic to cast this spell.
Okay, then.
You can't go up here!
Okay, then.
You barely miss the black bear.
You punch the black bear, but do no damage.
The black bear bites you.
* * * LOW HITPOINT WARNING * * *
The black bear barely misses you.
The black bear claws you but does no damage. 😨 HP[-6]
You take 6 damage, and now have 8/24 hp.
MASSIVE DAMAGE!! (PAUSE)
You hit the black bear. You freeze the black bear.
The black bear goes berserk!
You hit the black bear but do no damage.
The black bear bites you.
* * * LOW HITPOINT WARNING * * *
The black bear claws you.
* * * LOW HITPOINT WARNING * * *
The black bear barely misses you. 😱 HP[-7]
You take 7 damage, and now have 1/24 hp.
MASSIVE DAMAGE!! (PAUSE) Unknown command.
You hit the black bear. You freeze the black bear. The black bear misses you.
The black bear claws you but does no damage.
The black bear claws you.
You die...

Skill      XL: |  1  2 |
---------------+-------+-----
Short Blades   | 1 |  1.8
Dodging        | 2 |  2.1
Stealth        | |  2.9
Spellcasting   | |  2.2
Hexes          | |  3.4
Ice Magic      | |  0.2

Action                     || total
---------------------------++-------
  Melee: Dagger            ||    95
         Punch             ||     1
   Cast: Ensorcelled Hiber ||     7
    Use: Scroll            ||     1
   Stab: Sleeping          ||     8
 Armour: Robe              ||    48
  Dodge: Dodged            ||    65

Levels and vault maps discovered:
D:1:      scummos_arrival_checkerplants, layout_basic
D:2:      layout_rooms, ebering_ecumenical_altar_mist
D:3:      layout_rooms, uniq_sigmund

Notes
Turn   | Place    | Note
-------+----------+-------------------------------------------
     0 | D:1      | kae the Demonspawn Enchanter began the quest for the Orb.
     0 | D:1      | Reached XP level 1. HP: 13/13 MP: 3/3
     0 | D:1      | magus.rc [v1.11.3]
    23 | D:1      | Reached skill level 1 in Short Blades
   146 | D:1      | Gained mutation: You are partially covered in thin metallic
                  | scales. (AC +2) [demonic ancestry]
   146 | D:1      | Reached XP level 2. HP: 14/19 MP: 5/5
   176 | D:1      | Learned a level 2 spell: Ensorcelled Hibernation
   321 | D:1      | Reached skill level 2 in Dodging
   929 | D:2      | Reached XP level 3. HP: 24/24 MP: 6/6
  1008 | D:2      | Found a faded altar of an unknown god.
  1069 | D:2      | You pick up a book of Conjurations and begin reading...
  1069 | D:2      | You add the spells Magic Dart, Searing Ray and Fulminant
                  | Prism to your library.
  1382 | D:3      | Identified the +1 spear of Zin's Delight {protect, rElec
                  | rPois Str+2 Dex-2}
  1405 | D:3      | Noticed a black bear
  1418 | D:3      | HP: 5/24 [black bear (3)]
  1418 | D:3      | HP: 1/24 [black bear (4)]
  1419 | D:3      | Slain by a black bear

Vanquished Creatures
  An adder (D:2)
  A dart slug (D:2)
  3 bats (D:1)
  5 endoplasms
  2 giant cockroaches
  2 goblins (D:1)
  3 hobgoblins
  A kobold (D:1)
  2 quokkas (D:1)
  8 ball pythons
  A frilled lizard (D:1)
  4 rats
33 creatures vanquished.

Table legend:
 A = Non-vault XP
 B = Vault XP
 C = Vault XP percentage of total XP
 D = Non-vault monster count
 E = Vault monster count
 F = Vault count percentage of total count
                 A         B        C        D         E       F
            +---------+---------+-------+---------+---------+-------
      Total |      67 |       0 |   0.0 |      33 |       0 |   0.0
            +---------+---------+-------+---------+---------+-------
        D:1 |      40 |       0 |   0.0 |      24 |       0 |   0.0
        D:2 |      21 |       0 |   0.0 |       4 |       0 |   0.0
        D:3 |       6 |       0 |   0.0 |       5 |       0 |   0.0
            +---------+---------+-------+---------+---------+-------

Skill      XL: |  1  2 |
---------------+-------+-----
Short Blades   | 1 |  1.8
Dodging        | 2 |  2.1
Stealth        | |  2.9
Spellcasting   | |  2.2
Hexes          | |  3.4
Ice Magic      | |  0.2

Action                     || total
---------------------------++-------
  Melee: Dagger            ||    95
         Punch             ||     1
   Cast: Ensorcelled Hiber ||     7
    Use: Scroll            ||     1
   Stab: Sleeping          ||     8
 Armour: Robe              ||    48
  Dodge: Dodged            ||    65

Illustrated notes

Table legend:
 A = Kills in this place as a percentage of kills in the entire game.
 B = Kills by you in this place as a percentage of kills by you in the entire game.
 C = Kills by friends in this place as a percentage of kills by friends in the entire game.
 D = Other kills in this place as a percentage of other kills in the entire game.
 E = Experience gained in this place as a percentage of experience gained in the entire game.
 F = Experience gained in this place divided by the number of levels of this place that you have seen.
                   A       B       C       D       E      F
               +-------+-------+-------+-------+-------+----------------------
         Total | 100.0 | 100.0 |   N/A |   N/A | 100.0 |  22.3
       Dungeon | 100.0 | 100.0 |   N/A |   N/A | 100.0 |  22.3
               +-------+-------+-------+-------+-------+----------------------

Table legend: (Time is in decaauts)
 A = Elapsed time spent in this place.
 B = Non-inter-level travel time spent in this place.
 C = Inter-level travel time spent in this place.
 D = Time resting spent in this place.
 E = Time spent auto-exploring this place.
 F = Levels seen in this place.
 G = Mean time per level.
                   A        B        C        D        E       F      G
               +--------+--------+--------+--------+--------+-----+--------+
         Total |   1411 |   1350 |     61 |      7 |   1111 |   3 |  470.3 |
       Dungeon |   1411 |   1350 |     61 |      7 |   1111 |   3 |  470.3 |
               +--------+--------+--------+--------+--------+-----+--------+

Top non-repeatable levels by time:
     D:1: 922 daAuts
     D:2: 414 daAuts
     D:3: 75 daAuts
